AoeStats
← Bliitzz67

Arena

508692203Analyzed
4v4 RM · 10d ago on Sep 23, 2026· 23m 37s· 8 players
Game mode
Random Map
Map size
Large (8 player)
Population
200
Speed
Normal
Resources
Standard
Victory
Conquest
Starting age
Dark Age
Ending age
Imperial Age
RankedLock teamsTeams togetherTeam positionsShared explorationLock speedFull tech treeHidden civsTurbo modeCheats
Victory
Defeat
🇹🇼 Persians · Taiwan
1122
+14
🇦🇷 Spanish · Argentina
1119
+14
🇹🇼 Slavs · Taiwan
1109
+14
🇦🇷 Goths · Argentina
1017
+19
🇨🇳 Mongols · China
1087
-16
🇳🇱 Danes · Netherlands
1085
-16
🇫🇷 Bulgarians · France
1063
-15
1053
-14
Mrcy
10:19 Feudal Age
11:12 Double-Bit Axe
14:26 Castle Age
12:40 Loom
14:17 Horse Collar
16:51 Fletching
Prof. Dr. Abuzer KÖMÜRCÜ
9:57 Feudal Age
11:49 Loom
14:17 Castle Age
12:32 Horse Collar
13:38 Double-Bit Axe
23:12 Chemistry
Bliitzz67
0:35 Loom
10:41 Feudal Age
15:14 Castle Age
14:21 Double-Bit Axe
14:21 Horse Collar
犹豫就会败北
2:20 Loom
11:32 Feudal Age
12:18 Double-Bit Axe
15:14 Castle Age
13:29 Horse Collar
22:57 Wheelbarrow
kukucdenss
9:42 Feudal Age
11:55 Loom
15:01 Castle Age
14:13 Double-Bit Axe
14:53 Gold Mining
16:24 Fletching
17:49 Bodkin Arrow
19:48 Crossbowman
22:06 Padded Archer Armor
23:36 Leather Archer Armor
Monkidz
10:38 Feudal Age
10:35 Loom
15:25 Castle Age
13:23 Man-at-Arms
15:33 Double-Bit Axe
15:40 Horse Collar
21:11 Wheelbarrow
23:21 Squires
Pablo
11:51 Feudal Age
15:47 Castle Age
20:06 Padded Archer Armor
22:07 Horse Collar
Pem
11:39 Feudal Age
17:08 Castle Age
16:05 Stone Mining
16:01 Double-Bit Axe
15:57 Horse Collar
16:10 Gold Mining
17:34 Loom
18:43 Bow Saw
Connection lost

Rejoining the realm…

Still unreachable

The connection could not be restored.

Session expired

The server has moved on; the page needs a fresh start.